 Dungeon Crawl Stone Soup version 0.16-a0-3807-g3748f16 (webtiles) character file.

422040 grisnicke the Wrestler (level 23, -9/206 HPs)
             Began as a Ghoul Monk on Jan 19, 2015.
             Was a High Priest of Qazlal.
             Mangled by Mennas
             ... wielding a +4 scimitar of holy wrath
              (18 damage)
             ... on level 4 of the Depths on Jan 26, 2015.
             The game lasted 05:53:55 (56411 turns).

grisnicke the Wrestler (Ghoul Monk)                Turns: 56411, Time: 05:53:55

Health: -9/206     AC: 29    Str: 22    XL:     23   Next: 73%
Magic:  35/35      EV: 31    Int: 10    God:    Qazlal [*****.]
Gold:   823        SH:  0    Dex: 20    Spells: 3 memorised, 23 levels left

rFire  + + .     SeeInvis .       - Unarmed
rCold  + . .     Clarity  .     k - +5 scale mail of Nemelex Xobeh's Favour {rF+ Regen+}
rNeg   + + +     SustAb   +     (no shield)
rPois  ∞         Gourm    .     q - +0 helmet
rElec  .         Spirit   .     r - +2 cloak
rCorr  .         Warding  +     (no gloves)
rMut   .         Stasis   .     V - +0 pair of boots
MR     +....                    U - brooch of Shielding {Ward rN+ AC+4 EV+4}
Stlth  +.........               o - +2 ring of protection
                                z - ring "Pomaqong" {SustAb rF+ HP-9 Str+3 Int+3}

@: confused, agile, protected from physical damage, very slightly contaminated,
rotting, hasted, glowing, silenced, repel missiles, very quick, somewhat
resistant to hostile enchantments, very unstealthy
A: rotting body, claws 1, carnivore 3, cold resistance 1, negative energy
resistance 3, poison resistance, slow healing 1, torment resistance, unbreathing
a: Renounce Religion
}: 2/15 runes: decaying, serpentine


You were on level 4 of the Depths.
You worshipped Qazlal.
Qazlal was extremely pleased with you.
You were not hungry.

You visited 8 branches of the dungeon, and saw 47 of its levels.
You visited 1 bazaar.
You also visited: Bailey and Ice Cave.

You collected 5178 gold pieces.
You spent 4355 gold pieces at shops.

Inventory:

Hand weapons
 b - a +4 blowgun
Missiles
 d - 3 throwing nets
 s - 12 curare-tipped needles
 t - 41 tomahawks of returning
 W - 8 javelins (quivered)
Armour
 k - the +5 scale mail of Nemelex Xobeh's Favour (worn) {rF+ Regen+}
   (You took it off an orc warrior in a bailey)

   It protects you from fire.
   It increases your rate of regeneration.
 q - a +0 helmet (worn)
 r - a +2 cloak (worn)
 V - a +0 pair of boots (worn)
Jewellery
 g - the ring "Athrig" {+Blink rC+}
   (You found it on level 5 of the Depths)

   [ring of protection from cold]

   It protects you from cold.
   It lets you blink.
 o - a +2 ring of protection (right claw)
 p - an uncursed ring of protection from fire
 z - the ring "Pomaqong" (left claw) {SustAb rF+ HP-9 Str+3 Int+3}
   (You bought it in a shop on level 4 of the Orcish Mines)

   [ring of sustain abilities]

   It sustains your strength, intelligence and dexterity.
   It affects your strength (+3).
   It affects your intelligence (+3).
   It protects you from fire.
   It affects your health (-9).
 J - an uncursed amulet of resist mutation
 N - an uncursed ring of flight
 U - the brooch of Shielding (around neck) {Ward rN+ AC+4 EV+4}
   (You found it on level 4 of the Depths)

   [amulet of warding]

   It may prevent the melee attacks of summoned creatures.
   It affects your AC (+4).
   It affects your evasion (+4).
   It protects you from negative energy.
Magical devices
 l - a wand of fire (2)
 u - a wand of invisibility (4)
 w - a wand of teleportation (4)
 G - a wand of lightning (4)
 M - a wand of heal wounds (7)
 O - a wand of cold (5)
 S - a wand of disintegration (3)
 T - a wand of digging (6)
 Y - a wand of paralysis (14)
Scrolls
 c - 4 scrolls of fog
 y - 20 scrolls of remove curse
 B - 4 scrolls of teleportation
 C - 3 scrolls of summoning
 D - 9 scrolls of blinking
 E - 4 scrolls of torment
 I - 4 scrolls of fear
 L - 8 scrolls of identify
 P - 7 scrolls of magic mapping
 Q - 2 scrolls of silence
Potions
 e - 5 potions of brilliance
 h - 10 potions of restore abilities
 i - 3 potions of might
 m - a potion of ambrosia
 n - 10 potions of curing
 v - 2 potions of magic
 x - 5 potions of heal wounds
 A - 3 potions of cancellation
 H - 3 potions of agility
 R - a potion of invisibility
 X - a potion of haste
 Z - a potion of resistance
Miscellaneous
 a - a phial of floods
 j - a fan of gales
 K - 2 phantom mirrors
Comestibles
 f - 14 chunks of flesh
 F - 18 meat rations


   Skills:
 - Level 20.0 Fighting
 - Level 6.0 Throwing
 + Level 10.6 Armour
 - Level 15.1 Dodging
 - Level 2.1 Stealth
 - Level 22.3 Unarmed Combat
 - Level 5.0 Spellcasting
 + Level 5.5 Hexes
 - Level 7.7 Charms
 - Level 12.0 Necromancy
 - Level 14.3 Invocations
 - Level 7.9 Evocations


You had 23 spell levels left.
You knew the following spells:

 Your Spells              Type           Power        Failure   Level  Hunger
a - Regeneration          Chrm/Necr      ###.......   2%          3    ###....
b - Control Undead        Necr           ####......   4%          4    ####...
c - Confusing Touch       Hex            ##....       10%         2    ##.....


Dungeon Overview and Level Annotations

Branches:
Dungeon (15/15)            Temple (1/1) D:4            Lair (8/8) D:8
  Swamp (5/5) Lair:4        Snake (5/5) Lair:3        Slime (0/6) Lair:6
    Orc (4/4) D:10            Elf (0/3) Orc:3        Vaults (4/5) D:13
  Crypt (0/3) Vaults:2     Depths (5/5) D:15
    Zot: Depths:5

Altars:
Ashenzari
Cheibriados
Dithmenos
Elyvilon
Fedhas
Gozag
Kikubaaqudgha
Makhleb
Nemelex Xobeh
Okawaru
Qazlal
Ru
Sif Muna
Trog
Vehumet
Xom
Yredelemnul
Zin
The Shining One
Beogh
Jiyva
Lugonu

Shops:
D:5 :   Orc:1 [   Orc:2 ?   Orc:4 *[=(   Snake:2 (   Vaults:1 *   Vaults:2 ?
Vaults:3 !

Portals:
Hell: Depths:1 Depths:2 Depths:3 Depths:4 Depths:5
Abyss: Depths:4
Pandemonium: Depths:3
Ziggurat: Depths:4

Annotations:
Snake:5 exclusion: Roxanne, Roxanne
Depths:3 runed door
Depths:4 Charly's ghost, great DrTm; Mennas


Innate Abilities, Weirdness & Mutations

Your body is rotting away.
You thrive on raw meat.
You have sharp fingernails.
You are carnivorous and can eat meat at any time.
Your flesh is cold resistant.
You are immune to negative energy.
Your system is resistant to poisons.
You heal slowly when monsters are visible.
You are immune to unholy pain and torment.
You can survive without breathing.


Message History

Mennas hits you but does no damage. x2
Unknown command.
Mennas blocks your attack.
Mennas is heavily wounded.
Mennas blocks your attack.
Mennas is heavily wounded.
Mennas is engulfed in freezing vapours.
Mennas gestures frantically.
Mennas' surroundings become eerily quiet.
Mennas blocks your attack.
Your claw misses Mennas.
Mennas is severely wounded.
Mennas hits you with a scimitar of holy wrath!!
* * * LOW HITPOINT WARNING * * *
You feel more protected from physical attacks.
You convulse!!
* * * LOW HITPOINT WARNING * * *
Mennas hits you with a scimitar of holy wrath!
* * * LOW HITPOINT WARNING * * *
You convulse!!
You die...

### ##.### #..... ##### ##.....
###.#.## ###...... #####
###@§....#.#.......#
##.#.###.##A>..............
#.....#....§....W..........
#######....................#.....
............#..............#.....
.............................§§≈§
############################.≈≈..
.........................#.#.≈≈≈.
.........................###....≈


You could see Mennas and Charly's ghost.

Vanquished Creatures
  An ancient lich (Depths:3)
  Sojobo (Vaults:3)
  Mara (Depths:3)
  A caustic shrike (Depths:3)
  A golden dragon (Depths:3)
  Jory (Depths:2)
  A bone dragon (Swamp:5)
  Xtahua (Depths:2)
  Nikola (Snake:5)
  Vashnia (Snake:3)
  3 liches (Depths:2)
  A quicksilver dragon (Depths:3)
  4 sphinxes
  6 tengu reavers
  Agnes (Snake:4)
  A thorn hunter (Swamp:5)
  An ancient champion (Depths:1)
  Frances (Snake:4)
  2 storm dragons
  5 greater nagas (Snake:5)
  3 frost giants
  An iron dragon (Depths:5)
  2 deep elf sorcerers
  Maud (Lair:7)
  8 vault wardens
  3 fire giants
  Aizul (Snake:4)
  Louise (Snake:5)
  4 emperor scorpions
  An orc warlord (Orc:3)
  2 vampire knights (Depths:3)
  2 very ugly things (Depths:3)
  2 large abominations (Vaults:1)
  12 ironheart preservers
  10 stone giants
  A deep elf demonologist (Vaults:1)
  A deep elf annihilator (Vaults:1)
  A white draconian (Depths:4)
  A dire elephant (Depths:4)
  5 vault guards
  3 jiangshi
  2 ettins
  7 yaktaur captains
  A deep elf death mage (Depths:3)
  3 rakshasas
  Fannar (Lair:4)
  17 naga warriors
  14 hydras
  5 great orbs of eyes
  5 fire dragons
  A hell beast (Depths:1)
  The ghost of grisnicke the Cleaver, a powerful FoFi of Qazlal (D:10)
  7 ice dragons
  4 deep troll earth magi
  17 anacondas
  Erica (Orc:2)
  4 spriggan air magi
  4 ghost crabs (Swamp:5)
  6 alligators
  15 ogre magi
  7 centaur warriors
  16 deep troll shamans
  2 vampire magi
  2 tengu warriors
  22 naga sharpshooters
  4 orc high priests
  24 death yaks
  15 shock serpents
  A spriggan berserker (Depths:3)
  6 spriggans
  5 catoblepae
  10 salamander mystics
  A fire crab (Vaults:4)
  An unseen horror (shapeshifter) (Depths:3)
  10 wizards
  6 hell knights (Depths:3)
  7 skeletal warriors
  A sun demon (Depths:1)
  3 iron trolls
  4 deep elf knights
  Erolcha (D:13)
  2 shadow wraiths
  11 ironbrand convokers
  7 hill giants
  9 naga ritualists
  2 unseen horrors
  17 deep trolls
  3 swamp dragons
  A spectral hydra (Swamp:5)
  2 shambling mangroves
  An ice devil (Orc:4)
  4 deep elf summoners
  2 ice statues (IceCv)
  A harpy (shapeshifter) (Depths:1)
  3 flayed ghosts
  2 deep elf conjurers
  8 giant orange brains
  2 orb spiders (shapeshifter)
  74 ugly things
  2 necromancers
  4 lindwurms (Snake:5)
  2 orc sorcerers (Orc:4)
  14 orc knights
  A stone giant zombie (D:15)
  13 mana vipers
  2 manticores
  3 wolf spiders
  2 small abominations (Vaults:1)
  A hornet (shapeshifter) (D:14)
  A salamander (shapeshifter) (Vaults:3)
  2 cyclopes
  A guardian serpent (shapeshifter) (Vaults:3)
  15 salamanders
  8 griffons
  3 hornets
  A rust devil (Orc:4)
  31 naga magi
  A fire giant skeleton (D:15)
  36 black mambas
  8 guardian serpents
  11 vault sentinels
  A molten gargoyle (D:14)
  19 eyes of devastation (Depths:4)
  26 spiny frogs
  5 spectral swamp worms (Depths:4)
  9 elephants
  2 torpor snails
  A dire elephant skeleton (D:15)
  2 gargoyles
  40 yaktaurs
  A fire drake (Lair:8)
  12 komodo dragons
  3 swamp worm zombies (Swamp:5)
  2 kobold demonologists (D:14)
  2 tengu conjurers (Depths:5)
  8 trolls
  2 hydra zombies (Swamp:5)
  5 freezing wraiths
  A polar bear (Lair:7)
  6 deep elf priests
  8 giant leeches
  2 water elementals (Snake:5)
  Grinder (D:3)
  27 slime creatures
  8 bog bodies
  22 two-headed ogres
  A minotaur skeleton (D:15)
  A hornet zombie (D:15)
  3 spectral swamp dragons (Swamp:5)
  A raven (shapeshifter) (Depths:3)
  A baby alligator (shapeshifter) (Vaults:2)
  5 alligator zombies (Swamp:5)
  35 blink frogs
  3 boulder beetles
  14 air elementals
  11 ravens
  An iron dragon simulacrum (Depths:1)
  3 basilisks
  2 shadows
  A redback (shapeshifter) (Vaults:3)
  A human (D:7)
  A centaur simulacrum (D:10)
  A wyvern (Lair:3)
  3 wraiths
  57 yaks
  A vampire (D:14)
  A fire elemental (Depths:2)
  3 golden eyes (Depths:4)
  A trapdoor spider (D:14)
  Grum (D:13)
  5 deep elf magi
  10 wolves
  A hippogriff (shapeshifter) (Depths:1)
  A hog (D:7)
  15 hippogriffs
  The ghost of grisnicke the Sinner, an average FoHe of Elyvilon (D:3)
  10 deep elf fighters
  21 insubstantial wisps
  57 water moccasins
  39 vampire mosquitoes
  6 wargs
  3 mottled dragons
  25 swamp worms
  13 porcupines
  11 phantoms
  A spectral blink frog (Swamp:5)
  42 orc warriors
  2 sky beasts
  7 wasps
  16 ice beasts
  64 nagas
  An orc zombie (Orc:4)
  4 swamp dragon zombies (Swamp:5)
  A black bear (D:11)
  65 ogres
  9 swamp drakes
  5 necrophages
  6 boggarts
  31 centaurs
  2 chimeras
  12 crocodiles
  The ghost of Johnny the Ducker, an average HEAr (D:4)
  Duvessa (D:6)
  3 big kobolds
  34 giant frogs
  A gnoll sergeant (D:8)
  A wyvern zombie (D:8)
  Blork the orc (D:9)
  A water moccasin skeleton (D:8)
  7 killer bees
  3 scorpions
  5 electric eels
  A spectral wolf (Swamp:5)
  2 jellies
  16 wights
  A giant frog zombie (D:9)
  8 crimson imps
  2 human simulacra (Vaults:1)
  7 centaur zombies
  2 goliath beetles
  A quasit (D:8)
  8 hounds
  An iron imp (Depths:2)
  27 orc priests
  27 orc wizards
  2 centaur skeletons
  2 giant frog skeletons
  A gnoll shaman (D:5)
  10 iguanas
  2 spectral swamp drakes (Swamp:5)
  8 worker ants
  5 hell rats (Lair:3)
  29 sheep
  2 hound zombies
  A mummy (D:11)
  2 hound skeletons (D:10)
  A worker ant zombie (D:6)
  Robin (D:3)
  26 adders
  2 swamp drake zombies (Swamp:5)
  19 gnolls
  32 river rats (Lair:1)
  14 orc skeletons (Orc:4)
  5 shadow imps
  2 giant mites
  A worm (D:3)
  An adder skeleton (D:4)
  5 giant geckos
  An ooze (D:5)
  182 orcs
  6 giant cockroaches
  21 hobgoblins
  14 jackals
  16 quokkas
  A ball python (Lair:3)
  19 bats
  4 giant newts (D:1)
  2 giant spores
  38 goblins
  A goblin skeleton (Orc:4)
  45 kobolds
  A quokka zombie (D:6)
  12 rats
  4 ballistomycetes
  A bush (D:6)
  3 crawling corpses (Vaults:1)
  79 fungi
  63 plants
2376 creatures vanquished.

Vanquished Creatures (collateral kills)
  A naga warrior (Snake:5)
  A blink frog (Lair:8)
  Dowan (D:6)
3 creatures vanquished.

Vanquished Creatures (others)
  A tengu reaver (Depths:1)
  2 fire giants
  A naga sharpshooter (Snake:5)
  A skeletal warrior (Vaults:2)
  An orc knight (Vaults:2)
  An ugly thing (Vaults:2)
  A hydra zombie (Swamp:5)
  A troll (Vaults:2)
  A water elemental (Vaults:3)
  A yaktaur (Vaults:2)
  An insubstantial wisp (Swamp:5)
  An ogre (Vaults:4)
  A water moccasin (Swamp:5)
  An adder (Snake:2)
  2 orcs
  2 giant spores (D:10)
  3 fungi
  13 plants
35 creatures vanquished.

Grand Total: 2414 creatures vanquished

Notes
Turn   | Place    | Note
--------------------------------------------------------------
     0 | D:1      | grisnicke, the Ghoul Monk, began the quest for the Orb.
     0 | D:1      | Reached XP level 1. HP: 19/19 MP: 1/1
    76 | D:1      | Reached XP level 2. HP: 5/26 MP: 2/2
   166 | D:1      | Reached skill level 5 in Unarmed Combat
   474 | D:1      | Found a sparkling altar of Nemelex Xobeh.
   692 | D:1      | Reached XP level 3. HP: 30/30 MP: 3/3
  1140 | D:2      | Found a sacrificial altar of Ru.
  1502 | D:2      | Reached skill level 6 in Unarmed Combat
  1502 | D:2      | Reached XP level 4. HP: 38/38 MP: 3/3
  1971 | D:3      | Noticed Grinder
  1975 | D:3      | Paralysed by Grinder for 6 turns
  2174 | D:3      | Noticed Robin
  2296 | D:3      | Killed Robin
  2296 | D:3      | HP: 1/38 [goblin/club[Robin] (3)]
  2411 | D:3      | Reached XP level 5. HP: 41/45 MP: 4/4
  2509 | D:3      | Paralysed by Grinder for 7 turns
  2533 | D:3      | Killed Grinder
  2533 | D:3      | Reached skill level 8 in Unarmed Combat
  2533 | D:3      | Reached XP level 6. HP: 29/51 MP: 5/5
  2550 | D:3      | Noticed grisnicke's ghost (average FoHe)
  2568 | D:3      | Killed grisnicke's ghost
  2568 | D:3      | Reached XP level 7. HP: 35/56 MP: 5/5
  2650 | D:3      | Reached skill level 9 in Unarmed Combat
  2985 | D:4      | Found an iron altar of Okawaru.
  3164 | D:4      | Found a deep blue altar of Sif Muna.
  3189 | D:4      | Noticed Johnny's ghost (average HEAr)
  3232 | D:4      | Killed Johnny's ghost
  3246 | D:4      | Found a staircase to the Ecumenical Temple.
  3253 | Temple   | Entered the Ecumenical Temple
  3305 | Temple   | Became a worshipper of Qazlal Stormbringer
  3305 | Temple   | Acquired Qazlal's first power
  3305 | Temple   | Acquired Qazlal's second power
  3329 | D:4      | Reached skill level 1 in Invocations
  3436 | D:4      | Found a shattered altar of Ashenzari.
  3466 | D:5      | Entered Level 5 of the Dungeon
  3536 | D:5      | Found Ydwuagaq's Book Emporium.
  3826 | D:5      | Reached XP level 8. HP: 59/63 MP: 8/10
  4343 | D:5      | Reached skill level 5 in Invocations
  4567 | D:6      | Noticed Duvessa
  4567 | D:6      | Noticed Dowan
  4893 | D:5      | Reached skill level 5 in Fighting
  5174 | D:6      | Acquired Qazlal's third power
  5217 | D:6      | Reached XP level 9. HP: 57/77 MP: 15/15
  5342 | D:6      | Killed Duvessa
  5355 | D:6      | Killed Dowan
  5593 | D:6      | Found a blossoming altar of Fedhas.
  5814 | D:6      | Reached skill level 10 in Fighting
  7092 | D:7      | Reached skill level 11 in Fighting
  7092 | D:7      | Reached XP level 10. HP: 56/95 MP: 16/16
  7101 | D:7      | Reached skill level 10 in Unarmed Combat
  7454 | D:7      | Found a glowing golden altar of the Shining One.
  7455 | D:7      | Found a white marble altar of Elyvilon.
  7458 | D:7      | Found a shimmering altar of Xom.
  7763 | D:8      | Acquired Qazlal's fourth power
  7812 | D:8      | Found a snail-covered altar of Cheibriados.
  8005 | D:8      | Found a staircase to the Lair.
  8829 | D:9      | Found a snail-covered altar of Cheibriados.
  8833 | D:9      | Noticed Blork the orc
  8843 | D:9      | Killed Blork the orc
  8952 | D:9      | Noticed a hill giant
  8959 | D:9      | Killed a hill giant
  9394 | D:10     | Entered Level 10 of the Dungeon
  9405 | D:10     | Noticed grisnicke's ghost (powerful FoFi)
  9432 | D:10     | Killed grisnicke's ghost
  9432 | D:10     | Reached skill level 10 in Invocations
  9432 | D:10     | Reached XP level 11. HP: 24/101 MP: 21/23
  9953 | D:10     | Found a staircase to the Orcish Mines.
 10630 | Lair:1   | Entered Level 1 of the Lair of Beasts
 10927 | Lair:1   | Reached skill level 12 in Unarmed Combat
 11055 | Lair:1   | Noticed a five-headed hydra
 11066 | Lair:1   | Killed a five-headed hydra
 11080 | Lair:1   | Found a frozen archway.
 11130 | IceCv    | Entered an ice cave
 11145 | IceCv    | Reached skill level 13 in Unarmed Combat
 11340 | IceCv    | Noticed an ice statue
 11340 | IceCv    | Noticed an ice statue
 11358 | IceCv    | Killed an ice statue
 11370 | IceCv    | Killed an ice statue
 11764 | Lair:1   | Reached XP level 12. HP: 108/110 MP: 25/25
 12498 | Lair:2   | Reached skill level 14 in Unarmed Combat
 13071 | Lair:2   | Reached skill level 15 in Unarmed Combat
 13796 | Lair:3   | Found a staircase to the Snake Pit.
 13991 | Lair:3   | Reached skill level 5 in Dodging
 14210 | Lair:3   | Reached XP level 13. HP: 82/119 MP: 26/26
 14575 | Lair:3   | Acquired Qazlal's fifth power
 14820 | Lair:4   | Noticed Fannar
 14972 | Lair:4   | Found a staircase to the Swamp.
 15044 | Lair:4   | Killed Fannar
 15525 | Lair:4   | Identified a scroll of acquirement
 15913 | Lair:4   | Upgraded the game from 0.16-a0-3708-g05dc7d7 to 0.16-a0-3758-g7fc8210
 17602 | Lair:5   | Reached skill level 1 in Evocations
 18103 | Lair:6   | Reached XP level 14. HP: 112/133 MP: 27/27
 18350 | Lair:6   | Found a staircase to the Slime Pits.
 18351 | Lair:6   | Found a viscous altar of Jiyva.
 18423 | Lair:6   | Found a staircase to the Snake Pit.
 19018 | Lair:7   | Reached skill level 5 in Evocations
 19184 | Lair:7   | Noticed Maud
 19196 | Lair:7   | Killed Maud
 19196 | Lair:7   | Reached skill level 1 in Armour
 19456 | Lair:7   | Found an opulent altar of Gozag.
 20270 | Lair:8   | Entered Level 8 of the Lair of Beasts
 21040 | Lair:8   | Reached skill level 5 in Armour
 21040 | Lair:8   | Reached skill level 16 in Unarmed Combat
 22101 | Orc:1    | Entered Level 1 of the Orcish Mines
 22413 | Orc:1    | Found Utafradu's Armour Boutique.
 22690 | Orc:2    | Noticed Erica
 22699 | Orc:2    | Killed Erica
 22878 | Orc:2    | Found Trerchism's Magic Scroll Shoppe.
 22886 | Orc:2    | Bought a scroll of acquirement for 832 gold pieces
 22888 | Orc:2    | Bought a scroll of identify for 32 gold pieces
 22888 | Orc:2    | Bought a scroll of recharging for 152 gold pieces
 22888 | Orc:2    | Bought a scroll of identify for 32 gold pieces
 22888 | Orc:2    | Bought a scroll of identify for 32 gold pieces
 23214 | Orc:3    | Reached XP level 15. HP: 113/138 MP: 28/28
 23307 | Orc:3    | Found a staircase to the Elven Halls.
 23829 | Orc:4    | Entered Level 4 of the Orcish Mines
 23829 | Orc:4    | Found Cafesaot's Jewellery Boutique.
 23985 | Orc:3    | Reached skill level 17 in Unarmed Combat
 24092 | Orc:4    | Found Gruseta's Antique Armour Emporium.
 24175 | Orc:4    | Bought a jewelled scale mail for 270 gold pieces
 24200 | Orc:4    | Bought a pair of boots for 135 gold pieces
 24264 | Orc:4    | Identified the +2 scale mail of Salvation {rN+ Str+4 Dex+6} (You bought it in a shop on level 4 of the Orcish Mines)
 24515 | Orc:4    | Found Pufonur's Antique Weapon Emporium.
 24635 | Orc:4    | Found Avatzat's General Store.
 24662 | Orc:4    | Bought a potion of resistance for 140 gold pieces
 24736 | Orc:4    | Found a roughly hewn altar of Beogh.
 24865 | Orc:4    | Upgraded the game from 0.16-a0-3758-g7fc8210 to 0.16-a0-3770-gc215ce9
 25215 | D:11     | Identified the Catalogue of Weightlessness (You found it on level 11 of the Dungeon)
 25834 | D:12     | Found a flagged portal.
 25905 | Bailey   | Entered a bailey
 26129 | Bailey   | Got a topaz-encrusted scale mail
 26211 | Bailey   | Identified the +5 scale mail of Nemelex Xobeh's Favour {rF+ Regen+} (You took it off an orc warrior in a bailey)
 26858 | D:13     | Reached skill level 18 in Unarmed Combat
 27226 | D:13     | Found a gate to the Vaults.
 27324 | D:13     | Found a corrupted altar of Lugonu.
 27381 | D:13     | Noticed Erolcha
 27405 | D:13     | Killed Erolcha
 27585 | D:13     | Noticed Grum
 27601 | D:13     | Killed Grum
 28441 | D:14     | Reached XP level 16. HP: 139/146 MP: 27/29
 28813 | D:15     | Entered Level 15 of the Dungeon
 29108 | D:15     | Reached skill level 15 in Fighting
 29338 | D:15     | Found a staircase to the Depths.
 30105 | Snake:1  | Entered Level 1 of the Snake Pit
 30226 | Snake:1  | Found a flickering gateway to a bazaar.
 30241 | Bazaar   | Entered a bazaar
 30242 | Bazaar   | Found Icedimp's Book Emporium.
 30271 | Bazaar   | Found Ukhlirghi's Antique Armour Boutique.
 30272 | Bazaar   | Found Phoix's Gadget Boutique.
 30280 | Bazaar   | Found Eddisuam's Weapon Shoppe.
 30346 | Bazaar   | Bought a phial of floods for 560 gold pieces
 30346 | Bazaar   | Bought a wand of fire (8) for 336 gold pieces
 31480 | Snake:2  | Found Bacves' Antique Weapon Shop.
 31751 | Snake:2  | Reached XP level 17. HP: 148/161 MP: 28/31
 32678 | Snake:3  | Noticed Vashnia
 32780 | Snake:3  | Killed Vashnia
 33163 | Snake:3  | Reached skill level 1 in Throwing
 33871 | Snake:4  | Noticed Aizul
 33886 | Snake:4  | Killed Aizul
 33992 | Snake:4  | Noticed Frances
 34006 | Snake:4  | Killed Frances
 34047 | Snake:4  | Noticed Agnes
 34058 | Snake:4  | Killed Agnes
 34780 | Snake:5  | Entered Level 5 of the Snake Pit
 34795 | Snake:5  | Noticed Louise
 34807 | Snake:5  | Reached skill level 10 in Dodging
 34813 | Snake:5  | Killed Louise
 34838 | Snake:5  | Reached skill level 5 in Throwing
 35140 | Snake:5  | Reached XP level 18. HP: 77/172 MP: 1/32
 35420 | Snake:5  | Noticed Roxanne
 35581 | Snake:5  | Upgraded the game from 0.16-a0-3770-gc215ce9 to 0.16-a0-3789-g74483ed
 35783 | Snake:5  | Noticed Nikola
 35812 | Snake:5  | Killed Nikola
 35812 | Snake:5  | Reached skill level 19 in Unarmed Combat
 36558 | Snake:5  | Reached skill level 20 in Unarmed Combat
 37048 | Snake:5  | Got a serpentine rune of Zot
 37388 | D:9      | Noticed a hill giant
 37392 | D:9      | Killed a hill giant
 37392 | D:9      | Reached XP level 19. HP: 177/177 MP: 32/32
 37478 | Orc:4    | Bought the ring "Pomaqong" {SustAb rF+ HP-9 Str+3 Int+3} for 617 gold pieces
 37736 | Swamp:1  | Entered Level 1 of the Swamp
 39869 | Swamp:3  | Learned a level 3 spell: Regeneration
 40676 | Swamp:5  | Entered Level 5 of the Swamp
 41872 | Swamp:5  | Noticed a bone dragon
 41909 | Swamp:5  | Killed a bone dragon
 41909 | Swamp:5  | Reached skill level 10 in Armour
 42013 | Swamp:5  | Got a decaying rune of Zot
 42083 | Swamp:4  | Reached skill level 1 in Necromancy
 42405 | Vaults:1 | Entered Level 1 of the Vaults
 42567 | Vaults:1 | Found Creo's General Store.
 42776 | Vaults:1 | Reached skill level 5 in Necromancy
 42788 | Vaults:1 | Paralysed by an ogre mage for 2 turns
 43061 | Vaults:1 | Reached XP level 20. HP: 159/187 MP: 17/33
 43360 | Vaults:1 | Reached skill level 1 in Charms
 43750 | Vaults:1 | Reached skill level 5 in Charms
 44475 | Vaults:2 | Found a glowing golden altar of the Shining One.
 44743 | Vaults:2 | Found a staircase to the Crypt.
 44743 | Vaults:2 | Found a basalt altar of Yredelemnul.
 44743 | Vaults:2 | Found an ancient bone altar of Kikubaaqudgha.
 44760 | Vaults:2 | Found Wufeoga's Magic Scroll Shop.
 44766 | Vaults:2 | Bought a scroll of blinking for 135 gold pieces
 44766 | Vaults:2 | Bought a scroll of silence for 135 gold pieces
 44766 | Vaults:2 | Bought a scroll of blinking for 135 gold pieces
 45393 | Vaults:3 | Noticed Sojobo
 45428 | Vaults:3 | Killed Sojobo
 45691 | Vaults:3 | Reached skill level 10 in Necromancy
 45993 | Vaults:3 | Found Seastean's Distillery.
 46049 | Vaults:3 | Reached skill level 1 in Spellcasting
 46053 | Vaults:3 | Bought a potion of haste for 130 gold pieces
 46053 | Vaults:3 | Bought a potion of cancellation for 104 gold pieces
 46053 | Vaults:3 | Bought a potion of haste for 130 gold pieces
 46053 | Vaults:3 | Bought a potion of cancellation for 104 gold pieces
 46053 | Vaults:3 | Bought a potion of might for 52 gold pieces
 46053 | Vaults:3 | Bought a potion of agility for 52 gold pieces
 46227 | Vaults:3 | Reached XP level 21. HP: 177/194 MP: 32/33
 46297 | Vaults:3 | Learned a level 4 spell: Control Undead
 47145 | Vaults:3 | Reached skill level 5 in Spellcasting
 48195 | Vaults:4 | Found a white marble altar of Elyvilon.
 48967 | Orc:4    | Bought a runed scale mail for 120 gold pieces
 48984 | Orc:4    | Bought a runed ring mail for 120 gold pieces
 49386 | Depths:1 | Entered Level 1 of the Depths
 49397 | Depths:1 | Found a gateway to Hell.
 49981 | Depths:1 | Reached XP level 22. HP: 158/202 MP: 30/35
 50146 | Depths:1 | Reached skill level 21 in Unarmed Combat
 50282 | Depths:1 | Paralysed by a great orb of eyes for 5 turns
 50339 | Depths:1 | Paralysed by a wizard for 2 turns
 50443 | Depths:2 | Paralysed by a wizard for 2 turns
 51790 | Depths:3 | Noticed Jory
 51814 | Depths:2 | Killed Jory
 51825 | Depths:3 | Noticed Xtahua
 51840 | Depths:2 | Killed Xtahua
 52009 | Depths:3 | Found a runed door.
 52332 | Depths:3 | Found a one-way gate leading to the halls of Pandemonium.
 52477 | Depths:3 | Noticed Mara
 52483 | Depths:3 | Noticed grisnicke's illusion
 52483 | Depths:3 | Killed Mara
 52753 | Depths:3 | Paralysed by a vampire knight for 6 turns
 52760 | Depths:3 | Noticed a caustic shrike
 52764 | Depths:3 | Upgraded the game from 0.16-a0-3789-g74483ed to 0.16-a0-3807-g3748f16
 52951 | Depths:3 | Killed a caustic shrike
 53034 | Depths:3 | Reached XP level 23. HP: 129/215 MP: 22/35
 53299 | Depths:3 | Noticed an ancient lich
 53307 | Depths:3 | Killed an ancient lich
 53398 | Depths:3 | Reached skill level 15 in Dodging
 53686 | Depths:4 | Learned a level 2 spell: Confusing Touch
 53758 | Depths:4 | Reached skill level 1 in Hexes
 53970 | Depths:4 | Noticed Charly's ghost (great DrTm)
 54163 | Depths:4 | Found a one-way gate to the infinite horrors of the Abyss.
 54247 | Depths:3 | Reached skill level 22 in Unarmed Combat
 55711 | Depths:4 | Found a gateway to a ziggurat.
 55839 | Depths:5 | Entered Level 5 of the Depths
 55897 | Depths:5 | Got an ancient iron ring
 55927 | Depths:5 | Identified the ring "Athrig" {+Blink rC+} (You found it on level 5 of the Depths)
 56079 | Depths:5 | Reached skill level 5 in Hexes
 56383 | Depths:5 | Noticed Mennas
 56411 | Depths:4 | HP: 9/206 [Mennas/scimitar of holy wrath (14)]
 56411 | Depths:4 | Mangled by Mennas

Action                   |  1- 3 |  4- 6 |  7- 9 | 10-12 | 13-15 | 16-18 | 19-21 | 22-24 || total
-------------------------+-------+-------+-------+-------+-------+-------+-------+-------++-------
Melee: Unarmed           |   167 |   166 |   566 |   863 |  1892 |  1792 |  1986 |  1023 ||  8455
 Fire: Blowgun           |       |       |     5 |    10 |     3 |       |    13 |     2 ||    33
Throw: Stone             |     2 |     1 |    12 |     6 |    47 |       |       |       ||    68
       Tomahawk          |       |       |       |       |    14 |    40 |     4 |       ||    58
       Javelin           |       |       |       |       |       |       |    53 |    31 ||    84
 Cast: Control Undead    |       |       |       |       |       |       |       |     3 ||     3
Invok: Elemental Force   |       |       |     1 |       |       |       |       |       ||     1
       Upheaval          |       |       |       |    14 |    24 |    30 |    35 |    12 ||   115
       Disaster Area     |       |       |       |       |     1 |       |     1 |       ||     2
Evoke: Wand              |       |       |     1 |       |    13 |    14 |     3 |     2 ||    33
       Box of beasts     |       |       |       |       |     3 |       |       |       ||     3
       Phial of floods   |       |       |       |       |       |     2 |     1 |       ||     3
  Use: Scroll            |     4 |     1 |     9 |    15 |    14 |     8 |    13 |     5 ||    69
       Potion            |       |     1 |       |     2 |     2 |     4 |    12 |     5 ||    26
 Stab: Sleeping          |     3 |     1 |     1 |       |       |       |       |       ||     5
       Distracted        |       |       |       |       |     1 |       |       |       ||     1
       Petrified         |       |       |       |       |       |     1 |       |       ||     1
       Confused          |       |       |       |       |       |       |     4 |       ||     4
  Eat: Chunk             |    12 |    10 |    22 |    73 |   162 |   153 |   140 |    89 ||   661
       Royal jelly       |       |       |       |     1 |     1 |       |       |       ||     2
       Beef jerky        |       |       |       |     1 |       |       |     1 |       ||     2
